 Dungeon Crawl Stone Soup version 0.28.0-49-g6dfe1f597d (webtiles) character file.

Game seed: 8984983361824446383

35 issech the Thrower (level 3, -4/25 HPs)
             Began as a Gnoll Wanderer on May 18, 2022.
             Slain by Sigmund
             ... wielding a +0 scythe
              (9 damage)
             ... on level 2 of the Dungeon.
             The game lasted 00:04:06 (1045 turns).

issech the Thrower (Gnoll Wanderer)                 Turns: 1045, Time: 00:04:07

Health: -4/25      AC:  2    Str: 11    XL:     3   Next: 33%
Magic:  7/7        EV: 11    Int: 10    God:
Gold:   64         SH:  0    Dex: 14    Spells: 6/7 levels left

rFire   . . .      SeeInvis .   a - +2 hunting sling
rCold   . . .      Faith    .   (no shield)
rNeg    . . .      Spirit   .   e - +0 robe
rPois   .          Reflect  .   (no helmet)
rElec   .          Harm     .   (no cloak)
rCorr   .          Rampage  .   (no gloves)
Will    .....                   (no boots)
Stlth   ++........              (no amulet)
HPRegen 0.08/turn               (no ring)
MPRegen 0.10/turn               (no ring)

@: no status effects
A: fangs 1, strong nose, distributed training
a: no special abilities


You were on level 2 of the Dungeon.
You visited 1 branch of the dungeon, and saw 2 of its levels.

You collected 64 gold pieces.

Inventory:

Hand Weapons
 a - a +2 hunting sling (weapon)
 i - a +0 short sword
 j - a +0 war axe
 p - a +0 dagger of protection
Missiles
 c - 13 poisoned darts
 g - 5 large rocks
 h - 45 stones (quivered ammo)
 o - 33 arrows
Armour
 e - a +0 robe (worn)
 f - an orb of wrath
 l - an orb of wrath
Magical Staves
 m - a staff of fire
Potions
 k - a potion of might {unknown}
 n - a potion of heal wounds


   Skills:
 + Level 0.7 Fighting
 + Level 0.7 Short Blades
 + Level 0.7 Long Blades
 + Level 0.7 Axes
 + Level 0.7 Maces & Flails
 + Level 0.7 Polearms
 + Level 0.7 Staves
 + Level 4.5 Slings
 + Level 0.7 Bows
 + Level 0.7 Crossbows
 + Level 8.5 Throwing
 + Level 0.7 Armour
 + Level 0.7 Dodging
 + Level 0.7 Stealth
 + Level 0.7 Shields
 + Level 0.7 Unarmed Combat
 + Level 2.8 Spellcasting
 + Level 0.5 Conjurations
 + Level 3.7 Hexes
 + Level 0.5 Summonings
 + Level 0.5 Necromancy
 + Level 0.5 Translocations
 + Level 0.5 Transmutations
 + Level 0.5 Fire Magic
 + Level 0.5 Ice Magic
 + Level 0.5 Air Magic
 + Level 0.5 Earth Magic
 + Level 0.5 Poison Magic
 + Level 0.9 Invocations
 + Level 2.6 Evocations


You had 6 spell levels left.
You knew the following spells:

 Your Spells              Type           Power      Damage    Failure   Level
a - Slow                  Hex            32%        N/A       6%          1

Your spell library contained the following spells:

 Spells                   Type           Power      Damage    Failure   Level
 Tukima's Dance           Hex            8%         N/A       19%         3


Dungeon Overview and Level Annotations

Branches:
Dungeon (2/15)

Altars:

Annotations:
D:2 Sigmund


Innate Abilities, Weirdness & Mutations

You have very sharp teeth.
Your uncanny sense of smell can sniff out nearby items.
Your experience applies equally to all skills.


Message History

The sling bullet closely misses Sigmund.
Sigmund gestures at you while chanting. The magic dart hits you!
You shoot a sling bullet. The sling bullet hits Sigmund.
Sigmund is lightly wounded.
Sigmund closely misses you.
You shoot a sling bullet. The sling bullet hits Sigmund.
Sigmund is moderately wounded.
Sigmund barely misses you.
You shoot a sling bullet.
The sling bullet barely misses the jackal.
The endoplasm quivers.
You shoot a sling bullet.
The sling bullet closely misses the jackal.
The jackal completely misses you. Sigmund barely misses you.
The jackal closely misses you.
You shoot a stone. The stone closely misses the jackal.
The jackal bites you. The jackal barely misses you.
The jackal closely misses you.
Sigmund hits you from afar with a +0 scythe.
The jackal misses you.
The jackal bites you but does no damage.
A quokka comes into view.
The jackal closely misses you.
You are too injured to fight recklessly!
Unknown command.
You are too injured to fight recklessly!
The jackal bites you.
You see here 4 gold pieces.
You now have 64 gold pieces (gained 4).
The quokka bites you. The jackal barely misses you. The jackal bites you.
* * * LOW HITPOINT WARNING * * *
Sigmund gestures wildly while chanting.
Sigmund flickers and vanishes!
Deactivating autopickup; reactivate with Ctrl-A.
The jackal bites you.
* * * LOW HITPOINT WARNING * * *
The jackal barely misses you. Something hits you!
You die...

............(..#
...............# ...
.....#..(.#
#.###.#.J###.##
###............(#
.......J##.###..#
####.........#..# #
#...rhh.......###.#
##..#@######[#....#
.....#......#.#.####
#####.##.#####.#.#
∆. .. ..#.# # ###
###.# #.# #.# #.#
#.#


You could see an endoplasm, a quokka and 2 jackals.

Vanquished Creatures
  A worm (D:2)
  A dart slug (D:1)
  3 bats
  A giant cockroach (D:1)
  5 goblins
  4 hobgoblins (D:1)
  2 quokkas (D:1)
  2 ball pythons (D:1)
  4 frilled lizards (D:1)
  4 kobolds (D:1)
  2 rats (D:1)
29 creatures vanquished.

Notes
Turn   | Place    | Note
-------+----------+-------------------------------------------
     0 | D:1      | issech the Gnoll Wanderer began the quest for the Orb.
     0 | D:1      | issech set off with the following items: a +2 hunting
                  | sling, 19 sling bullets, 13 poisoned darts, a +0 dagger, a
                  | +0 robe; and the following spell memorised: Slow; and the
                  | following spells available to memorise: Tukima's Dance
     0 | D:1      | Reached XP level 1. HP: 13/13 MP: 4/4
   174 | D:1      | Reached XP level 2. HP: 19/19 MP: 5/5
   391 | D:1      | Reached XP level 3. HP: 25/25 MP: 7/7
  1020 | D:2      | Noticed Sigmund
  1045 | D:2      | Slain by Sigmund

Illustrated notes

Levels and vault maps discovered:
D:1:      minmay_arrival_five_plusses, layout_loops_ring
D:2:      layout_basic, hellmonk_ecumenical_altar_zigzags, serial_forest,
          infiniplex_forest_lined_corner, infiniplex_forest_fountain,
          infiniplex_forest_lined_1, infiniplex_forest_straight_2,
          infiniplex_forest_clump_curved, uniq_robin, uniq_sigmund

Action                   || total
-------------------------++-------
 Fire: Hunting sling     ||    78
Armor: Robe              ||     6
Dodge: Dodged            ||    27
